Map: Ascension to Aiur LE

Players

Snyper

  • Race: Zerg Zerg
  • League: Gold
  • Spawn Location: 5:00

Feniks - Winner!

  • Race: Protoss Protoss
  • League: Gold
  • Spawn Location: 11:00

VOD

Have the link to the VOD?

Description

Time

  • Played on: Sept. 15, 2017, 6:08 p.m.
  • Length: 7:59
Show
View Real Time Build Order
Export as new Build Order

Snyper Zerg 

Build Orders: Hatch First 

Get SALT Encoding   

  12  0:18  Drone x2  
  14  0:22  Overlord  
  14  0:27  Extractor  
  13  0:30  Drone  
  15  0:41  Drone  
  16  0:53  Hatchery  
  15  1:00  Drone  
  15  1:02  Drone  
  17  1:15  Spawning Pool  
  16  1:19  Drone  
  16  1:22  Extractor  
  16  1:27  Drone  
  17  1:35  Drone  
  18  1:46  Drone  
  19  1:58  Overlord  
  19  2:01  Queen  
  19  2:05  Queen  
  19  2:07  Drone x2  
  25  2:18  Drone x2  
  27  2:25  Metabolic Boost  
  27  2:31  Drone x2  
  29  2:47  Drone x2  
  29  2:49  Drone x2  
  33  3:12  Overlord  
  33  3:14  Overlord  
  33  3:23  Hatchery, Lair  
  32  3:28  Extractor  
  32  3:30  Extractor  
  32  3:31  Evolution Chamber  
  29  3:34  Evolution Chamber  
  29  3:35  Spore Crawler  
  29  3:39  Spore Crawler  
  26  3:46  Drone  
  26  3:47  Drone x5  
  32  3:53  Extractor  
  31  4:07  Drone x2  
  31  4:08  Drone  
  34  4:14  Drone x3  
  37  4:19  Drone  
  37  4:20  Drone  
  39  4:25  Drone  
  40  4:33  Overlord  
  41  4:38  Drone  
  41  4:41  Queen, Hydralisk Den  
  41  4:43  Drone x2  
  44  4:51  Drone  
  44  4:52  Drone x5  
  50  4:56  Zergling x2  
  50  4:57  Zergling x4  
  53  5:02  Overlord x2  
  53  5:11  Drone x2  
  55  5:14  Muscular Augments  
  55  5:28  Hydralisk x6  
  57  5:29  Hydralisk  
  69  5:40  Spore Crawler  
  69  5:42  Drone  
  69  5:43  Drone  
  70  5:55  Extractor  
  70  5:56  Hydralisk x2  
  71  6:00  Overlord  
  71  6:01  Overlord x4  
  73  6:25  Drone x9  
  82  6:26  Drone  
  83  6:36  Hydralisk x3  
  89  6:48  Hydralisk  
  89  6:49  Hydralisk x3  
  97  6:55  Overlord x2  
  97  7:11  Drone x2  
  97  7:12  Drone  
  97  7:13  Drone x4  
  104  7:20  Extractor  
  104  7:22  Drone  
  101  7:25  Spire  
  74  7:32  Hydralisk x8  
  74  7:35  Hydralisk  
Show
View Real Time Build Order
Export as new Build Order

Feniks Protoss - Winner!

Build Orders: 1 Gate Expand 

Get SALT Encoding   

  12  0:04  Probe (Chrono Boost)  
  13  0:17  Pylon  
  13  0:23  Probe (Chrono Boost)  
  14  0:33  Probe (Chrono Boost)  
  15  0:35  Gateway  
  15  0:44  Probe (Chrono Boost)  
  15  0:47  Assimilator  
  16  0:54  Probe (Chrono Boost)  
  17  1:05  Probe (Chrono Boost)  
  18  1:15  Probe (Chrono Boost)  
  19  1:26  Nexus  
  19  1:37  Cybernetics Core  
  20  1:40  Probe (Chrono Boost)  
  20  1:46  Assimilator  
  20  1:50  Probe (Chrono Boost)  
  21  1:58  Pylon  
  21  2:01  Probe (Chrono Boost)  
  22  2:14  Probe (Chrono Boost)  
  23  2:20  Twilight Council  
  23  2:23  Stalker (Chrono Boost)  
  25  2:39  Robotics Facility  
  25  2:40  Probe  
  25  2:42  Probe  
  27  2:55  Probe  
  27  2:57  Probe  
  29  3:06  Probe, Charge  
  29  3:09  Probe  
  31  3:16  Probe  
  32  3:21  Probe  
  33  3:27  Probe  
  33  3:32  Gateway x2  
  33  3:33  Probe  
  35  3:37  Gateway  
  35  3:46  Probe  
  35  3:47  Probe  
  37  3:49  Gateway  
  37  3:53  Warp Gate (Chrono Boost)  
  37  4:13  Pylon, Warp Prism  
  37  4:15  Pylon  
  39  4:23  Gateway  
  39  4:25  Gateway  
  39  4:33  Probe  
  39  4:34  Pylon  
  39  4:35  Probe  
  41  4:47  Probe  
  42  5:04  Gateway  
  42  6:00  Zealot x6  
  42  6:01  Zealot  
  56  6:12  Gateway  
  56  6:13  Zealot  
  56  6:16  Gateway  
  58  6:27  Zealot x2  
  58  6:28  Zealot x4  
  70  6:44  Pylon  
  70  6:45  Pylon  
  70  6:47  Pylon  
  70  6:52  Pylon  
  70  6:54  Pylon  
  70  6:55  Pylon  
  70  6:57  Pylon  
  70  7:05  Zealot x2  
  70  7:06  Zealot x4  
  70  7:07  Zealot x3  
  88  7:10  Zealot  
  88  7:28  Zealot x5  
  88  7:29  Zealot x4  
  100  7:37  Zealot  
  102  7:52  Zealot x4  
Tags
 
Add a new tag
Caveats
  • Supply blocks, unpowered buildings, or Contaminate may cause inaccurate times.
  • Supply counts are checked every 10 seconds.